 Dungeon Crawl Stone Soup version 0.26-a0-224-g2964c8cf50 (webtiles) character file.

Game seed: 13205131054635179950

8402 ipx the Severer (level 11, 0/94 HPs)
             Began as a Hill Orc Fighter on July 6, 2020.
             Was a Priest of Yredelemnul.
             Slain by a black mamba (13 damage)
             ... on level 1 of the Lair of Beasts.
             The game lasted 01:03:44 (4962 turns).

ipx the Severer (Hill Orc Fighter)                  Turns: 4962, Time: 01:03:45

Health: 0/94       AC: 19    Str: 15    XL:     11   Next: 30%
Magic:  15/15      EV:  5    Int:  8    God:    Yredelemnul [***...]
Gold:   651        SH: 11    Dex: 13    Spells: 10/10 levels left

rFire    . . .     SeeInvis .   a - +0 war axe
rCold    . . .     Faith    .   c - +0 kite shield
rNeg     . . .     Spirit   .   w - +0 chain mail
rPois    +         Reflect  .   s - +2 helmet
rElec    .         Harm     .   o - +2 cloak {rCorr}
rCorr    +                      (no gloves)
MR       ++++.                  i - +2 pair of boots of Qagiebb {rPois MR+++ Str-5}
Stlth    ..........             (no amulet)
HPRegen  0.25/turn              L - ring of flight
MPRegen  0.14/turn              M - ring of protection from magic (curse)

@: lethally poisoned (0 -> -9)
A: no striking features
a: Recall Undead Slaves, Injury Mirror, Animate Dead, Renounce Religion, Evoke
Flight


You were on level 1 of the Lair of Beasts.
You worshipped Yredelemnul.
Yredelemnul was most pleased with you.
You were very hungry.

You visited 3 branches of the dungeon, and saw 12 of its levels.
You also visited: Sewer and Ossuary.

You collected 651 gold pieces.

Inventory:

Hand Weapons
 a - a +0 war axe (weapon)
 q - a +3 flail
Missiles
 n - 2 boomerangs (quivered)
 B - a poisoned dart
 G - 6 atropa-tipped darts
Armour
 c - a +0 kite shield (worn)
 i - the +2 pair of boots of Qagiebb (worn) {rPois MR+++ Str-5}
   (You found it on level 9 of the Dungeon)

   It affects your strength (-5).
   It protects you from poison.
   It affects your resistance to hostile enchantments.
 o - a +2 cloak of preservation (worn)
 s - a +2 helmet (worn)
 w - a +0 chain mail (worn)
Jewellery
 I - an uncursed ring of ice
 L - a ring of flight (left hand)
 M - a cursed ring of protection from magic (right hand)
Wands
 e - a wand of flame (18)
 m - a wand of enslavement (3)
 z - a wand of clouds (1)
Scrolls
 g - 4 scrolls of remove curse
 j - 2 scrolls of blinking
 r - 4 scrolls of teleportation
 t - a scroll of fear
 y - a scroll of fog {unknown}
 E - a scroll of enchant armour
 J - a scroll of amnesia
Potions
 b - a potion of flight
 d - 3 potions of might
 h - a potion of stabbing
 k - 3 potions of mutation
 l - 3 potions of berserk rage
 p - a potion of haste {unknown}
 u - a potion of degeneration {unknown}
 x - a potion of lignification
 A - 3 potions of curing
 C - 2 potions of brilliance {unknown}
 D - a potion of cancellation {unknown}
Miscellaneous
 H - a phial of floods
Comestibles
 f - 16 rations


   Skills:
 - Level 8.0 Fighting
 * Level 15.1 Axes
 + Level 5.8 Armour
 + Level 9.2 Shields
 + Level 5.6 Invocations
 - Level 4.0 Evocations


You had 10 spell levels left.
You didn't know any spells.
Your spell library contained the following spells:

 Spells                   Type           Power        Failure   Level
 Beastly Appendage        Tmut           #.....       100%        1
 Shock                    Conj/Air       #...         100%        1
 Sticks to Snakes         Tmut           #.......     100%        2
 Swiftness                Chrm/Air       #.......     100%        2
 Spider Form              Tmut/Pois      #.........   100%        3
 Static Discharge         Conj/Air       #.......     100%        3
 Airstrike                Air            #.........   100%        4
 Ice Form                 Ice/Tmut       #.......     100%        4
 Blade Hands              Tmut           #.........   100%        5
 Lightning Bolt           Conj/Air       #.........   100%        5


Dungeon Overview and Level Annotations

Branches:
Dungeon (10/15)            Temple (1/1) D:7            Lair (1/6) D:10
    Orc (0/2) D:9           Sewer (visited)         Ossuary (visited)

Altars:
Ashenzari
Cheibriados
Dithmenos
Elyvilon
Fedhas
Gozag
Hepliaklqana
Kikubaaqudgha
Makhleb
Okawaru
Qazlal
Ru
Sif Muna
Trog
Uskayaw
Vehumet
Wu Jian
Xom
Yredelemnul
Zin
The Shining One
Lugonu

Shops:
D:4 (==   D:7 [   D:9 (


Message History

Your chain mail prevents you from hitting the black mamba.
The black mamba is heavily wounded.
You block the black mamba's attack.
You hit the black mamba but do no damage.
The black mamba is heavily wounded.
You block the black mamba's attack. The black mamba bites you!
* * * LOW HITPOINT WARNING * * *
You are poisoned.
The black mamba poisons you!
You slash the black mamba!
The black mamba is severely wounded.
You feel sick. You block the black mamba's attack.
You slash the black mamba!
The black mamba is almost dead.
You feel sick. The black mamba barely misses you.
Your shield prevents you from hitting the black mamba.
The black mamba is almost dead.
You feel sick. The black mamba bites you!
You die...
Your body rises from the dead as a mindless zombie.

#.####............
##..............#
#..#..+....†....#..
#....#....†<.>....
#.#...............
#.#..#............
#..............#..
##.#..#.##.####.+ .
#.@...[.P### ..
#.S####.## .. ##..
.# ... #... # #....
#..... #......
.......#


You could see a black mamba.

Vanquished Creatures
  2 two-headed ogres (D:8)
  Pikel (D:7)
  Psyche (D:8)
  A hornet (D:10)
  Prince Ribbit (D:6)
  A hippogriff (D:9)
  An ice beast (D:9)
  4 sky beasts
  7 orc warriors
  2 black bears (D:9)
  4 ogres
  2 necrophages
  2 phantoms (D:7)
  3 centaurs
  A crocodile (Lair:1)
  8 big kobolds
  7 bullfrogs
  An elf zombie (Ossuary)
  A gnoll sergeant (D:8)
  2 scorpions
  9 killer bees
  7 wights
  A bullfrog zombie (D:9)
  A centaur zombie (D:9)
  A quasit (D:8)
  2 jellies
  2 orc priests
  Crazy Yiuf (D:4)
  A bullfrog skeleton (D:6)
  2 gnoll shamans
  6 hounds
  A human zombie (Ossuary)
  3 iguanas
  3 orc wizards
  9 worker ants
  2 big kobold zombies (Ossuary)
  A hound zombie (Ossuary)
  2 hound skeletons
  5 mummies
  A howler monkey zombie (D:10)
  A worker ant zombie (D:8)
  15 gnolls
  9 adders
  A howler monkey skeleton (D:4)
  6 river rats
  A shadow imp (D:7)
  3 white imps
  6 oozes
  2 adder zombies
  12 worms
  6 leopard geckos
  32 orcs
  6 bats
  5 giant cockroaches
  A goblin (D:3)
  9 hobgoblins
  6 jackals (D:2)
  7 quokkas
  4 ball pythons
  8 frilled lizards
  A gnoll zombie (Ossuary)
  2 goblin zombies (Ossuary)
  3 hobgoblin zombies (Ossuary)
  15 kobolds
  A leopard gecko skeleton (D:6)
  5 rats
279 creatures vanquished.

Vanquished Creatures (collateral kills)
  A sky beast (D:8)
  A centaur (D:8)
  A scorpion (D:8)
3 creatures vanquished.

Vanquished Creatures (others)
  A wight (D:8)
  A worker ant (D:8)
  A gnoll zombie (D:8)
3 creatures vanquished.

Grand Total: 285 creatures vanquished

Notes
Turn   | Place    | Note
-------+----------+-------------------------------------------
     0 | D:1      | ipx the Hill Orc Fighter began the quest for the Orb.
     0 | D:1      | Reached XP level 1. HP: 19/19 MP: 1/1
    20 | D:1      | Reached skill level 3 in Axes
    61 | D:1      | Reached XP level 2. HP: 20/26 MP: 2/2
   128 | D:1      | Reached skill level 4 in Axes
   227 | D:2      | Found a stormy altar of Qazlal.
   306 | D:3      | Reached XP level 3. HP: 26/31 MP: 3/3
   407 | D:3      | Reached skill level 1 in Evocations
   432 | D:3      | Reached skill level 5 in Axes
   447 | D:3      | Reached XP level 4. HP: 12/39 MP: 4/4
   721 | D:4      | Reached XP level 5. HP: 18/45 MP: 5/5
   741 | D:4      | Noticed an ogre
   753 | D:4      | Killed an ogre
   753 | D:4      | Reached skill level 6 in Axes
   753 | D:4      | Reached XP level 6. HP: 17/51 MP: 6/6
   808 | D:3      | Found a glowing drain.
   864 | Sewer    | Entered a sewer
  1020 | Sewer    | Reached skill level 7 in Axes
  1147 | Sewer    | Reached XP level 7. HP: 59/59 MP: 7/7
  1343 | Sewer    | Reached skill level 8 in Axes
  1433 | Sewer    | Reached skill level 5 in Fighting
  1479 | D:2      | Reached XP level 8. HP: 68/68 MP: 8/8
  1638 | D:2      | Reached skill level 9 in Axes
  1647 | D:2      | Found a snail-covered altar of Cheibriados.
  1725 | D:4      | Found Dyedas's Jewellery Shop.
  1737 | D:4      | Found Socu's Jewellery Shoppe.
  1792 | D:4      | Found Zuckovit's Antique Weapon Boutique.
  1805 | D:4      | Found a hazy altar of Hepliaklqana.
  1810 | D:4      | Found a shadowy altar of Dithmenos.
  1810 | D:4      | Noticed a shadow
  1838 | D:4      | Noticed a +0 hand axe
  1838 | D:4      | Noticed a +0 dagger
  1841 | D:4      | Found a hide-covered altar of Uskayaw.
  1983 | D:5      | Entered Level 5 of the Dungeon
  2034 | D:5      | Found a white marble altar of Elyvilon.
  2322 | D:4      | Found a runed translucent door.
  2323 | D:4      | Noticed Crazy Yiuf
  2337 | D:4      | Killed Crazy Yiuf
  2456 | D:6      | Reached skill level 5 in Shields
  2505 | D:6      | Reached skill level 10 in Axes
  2775 | D:6      | Reached XP level 9. HP: 46/78 MP: 9/9
  2786 | D:6      | Reached skill level 11 in Axes
  2793 | D:6      | Noticed Prince Ribbit
  2799 | D:6      | Killed Prince Ribbit
  2868 | D:7      | Found a staircase to the Ecumenical Temple.
  2955 | Temple   | Entered the Ecumenical Temple
  2974 | Temple   | Became a worshipper of Yredelemnul the Dark
  3025 | D:7      | Reached skill level 12 in Axes
  3048 | D:7      | Noticed Pikel
  3071 | D:7      | Killed Pikel
  3082 | D:7      | Found a glowing golden altar of the Shining One.
  3120 | D:7      | Found Kyzuk's Armour Shoppe.
  3155 | D:8      | Reached XP level 10. HP: 50/88 MP: 10/10
  3199 | D:8      | Noticed a two-headed ogre
  3227 | D:8      | Reached skill level 13 in Axes
  3240 | D:8      | Reached * piety under Yredelemnul
  3244 | D:8      | Found a sand-covered staircase.
  3255 | Ossuary  | Entered an ossuary
  3544 | D:8      | Found an ornate altar of the Wu Jian Council.
  3562 | D:8      | Noticed Psyche
  3564 | D:8      | Reached skill level 1 in Invocations
  3566 | D:8      | Killed Psyche
  3571 | D:8      | Noticed a two-headed ogre
  3575 | D:8      | Reached ** piety under Yredelemnul
  3578 | D:8      | HP: 6/132 [two-headed ogre/+0 giant spiked club (15)]
  3580 | D:8      | Killed a two-headed ogre
  3584 | D:8      | HP: 5/132 [poisoned by Psyche]
  3586 | D:8      | HP: 2/88 [poisoned by Psyche]
  3591 | D:8      | HP: 2/88 [poisoned by Psyche]
  3596 | D:8      | HP: 2/88 [poisoned by Psyche]
  3748 | D:8      | Got a black opal-studded ring mail
  3866 | D:7      | Identified the cursed +1 ring mail "Serghinul" {rF+} (You
                  | found it on level 8 of the Dungeon)
  3912 | D:7      | Found a sacrificial altar of Ru.
  3933 | D:7      | Reached skill level 14 in Axes
  4018 | D:7      | Found a burning altar of Makhleb.
  4172 | D:8      | Killed a two-headed ogre
  4241 | D:9      | Reached skill level 5 in Armour
  4334 | D:9      | Reached XP level 11. HP: 35/94 MP: 14/14
  4541 | D:9      | Found a blossoming altar of Fedhas.
  4541 | D:9      | Found a glowing silver altar of Zin.
  4577 | D:9      | Reached skill level 5 in Invocations
  4602 | D:9      | Got a pair of slimy boots
  4614 | D:9      | Identified the +2 pair of boots of Qagiebb {rPois MR+++
                  | Str-5} (You found it on level 9 of the Dungeon)
  4657 | D:9      | Reached *** piety under Yredelemnul
  4694 | D:9      | Found a bloodstained altar of Trog.
  4720 | D:9      | Found Sozinom's Weapon Shoppe.
  4720 | D:9      | Found a staircase to the Orcish Mines.
  4758 | D:10     | Entered Level 10 of the Dungeon
  4765 | D:10     | Found a staircase to the Lair.
  4837 | D:10     | Reached skill level 15 in Axes
  4925 | Lair:1   | Entered Level 1 of the Lair of Beasts
  4962 | Lair:1   | Slain by a black mamba

Illustrated notes

Levels and vault maps discovered:
D:1:      dpeg_arrival_brainrot, layout_loops_ring,
          minmay_misc_feat_four_crosses
D:2:      kennysheep_six_static_rooms, layout_basic,
          nicolae_qazlal_general_emergency, marbit_many_paths,
          nicolae_overflow_crystal_walls, first_ration, uniq_sigmund
D:3:      minmay_chambers_of_threes, layout_rooms, portal_sewer_entry_c,
          chequers_avenue, kennysheep_cross_room, st_stairs_12
D:4:      layout_basic, riverfiend_overflow_shadow_ancestor,
          dancing_weapons_uskayaw, serial_shops, nicolae_shop_waterfront,
          kennysheep_mini_moat, shop, uniq_crazy_yiuf_cottage
D:5:      layout_basic, kennysheep_little_box
D:6:      layout_gridville, minmay_misc_feat_diagonals, roderic_malta_cross,
          uniq_prince_ribbit1
D:7:      layout_rooms, tso_oasis_becter, nicolae_ru_sacrificial_ziggurat,
          makhleb_blood_cavern_becter, minmay_temple_entry_arrows, serial_shops,
          nicolae_shop_trees, uniq_pikel
D:8:      layout_rooms, old_standard_altar, gup_ossuary_entry_pyramid,
          grunt_pizzeria, uniq_psyche
D:9:      layout_cave_pools, trog_ov_bears_minmay,
          chequers_temple_overflow_statue_of_worship, orc_david_3,
          nicolae_zen_rock_garden, chequers_serial_rivers_room_a,
          nicolae_straight_to_the_point
D:10:     layout_basic, lair_entry_dummy, basic_altar, minmay_misc_feat_encased
Temple:   corrupted_temple
Lair:1:   layout_chaotic_city, infiniplex_staircase_pool_2, grunt_megastairs_4,
          lemuel_fruit_fields

Skill      XL: |  1  2  3  4  5  6  7  8  9 10 11 |
---------------+----------------------------------+-----
Axes           | 3 4 5 6 7 8 10 12 14 15 | 15.1
Evocations     | 1 2 3 4 |  4.0
Fighting       | 4 5 6 8 |  8.0
Shields        | 4 5 7 8 9 |  9.2
Invocations    | 4 5 |  5.6
Armour         | 5 |  5.8

Action                   |  1- 3 |  4- 6 |  7- 9 | 10-12 || total
-------------------------+-------+-------+-------+-------++-------
Melee: War axe           |   100 |   129 |   402 |   450 ||  1081
Throw: Boomerang         |       |    29 |    40 |    39 ||   108
       Dart              |       |       |    10 |     2 ||    12
Invok: Animate Remains   |       |       |       |     1 ||     1
Evoke: Wand              |       |       |     9 |     6 ||    15
  Use: Scroll            |       |     3 |     8 |     6 ||    17
       Potion            |       |     3 |     5 |     1 ||     9
 Stab: Sleeping          |       |     3 |       |       ||     3
  Eat: Ration            |       |     1 |     2 |     2 ||     5
Armor: Scale mail        |    44 |    51 |    62 |       ||   157
       Skin              |       |     2 |       |       ||     2
       Chain mail        |       |       |   125 |   148 ||   273
Dodge: Dodged            |    30 |    42 |    70 |    65 ||   207
Block: Kite shield       |    43 |    53 |   166 |   162 ||   424

Table legend:
 A = Non-vault XP
 B = Vault XP
 C = Vault XP percentage of total XP
 D = Non-vault monster count
 E = Vault monster count
 F = Vault count percentage of total count
                 A         B        C        D         E       F
            +---------+---------+-------+---------+---------+-------
      Total |    8758 |    3245 |  27.0 |     201 |      82 |  29.0
            +---------+---------+-------+---------+---------+-------
        D:1 |      17 |       5 |  22.7 |      11 |       1 |   8.3
        D:2 |      53 |       2 |   3.6 |      19 |       2 |   9.5
        D:3 |      43 |      75 |  63.6 |      11 |      20 |  64.5
        D:4 |     314 |      42 |  11.8 |       7 |       1 |  12.5
        D:5 |     290 |       0 |   0.0 |      13 |       0 |   0.0
        D:6 |     867 |     274 |  24.0 |      25 |       1 |   3.8
        D:7 |    1866 |     777 |  29.4 |      40 |       3 |   7.0
        D:8 |    2595 |     422 |  14.0 |      33 |       2 |   5.7
        D:9 |    1323 |     532 |  28.7 |      23 |       8 |  25.8
       D:10 |    1206 |       0 |   0.0 |      17 |       0 |   0.0
     Lair:1 |     184 |       0 |   0.0 |       2 |       0 |   0.0
      Sewer |       0 |     830 | 100.0 |       0 |      28 | 100.0
    Ossuary |       0 |     286 | 100.0 |       0 |      16 | 100.0
            +---------+---------+-------+---------+---------+-------
